AoeStats
← tomi93339

Arabia

510185190Analyzed
2v2 RM · 3d ago on Sep 29, 2026· 29m 58s· 4 players
Game mode
Random Map
Map size
Medium (4 player)
Population
200
Speed
Normal
Resources
Standard
Victory
Conquest
Starting age
Dark Age
Ending age
Imperial Age
RankedLock teamsTeams togetherTeam positionsShared explorationLock speedFull tech treeHidden civsTurbo modeCheats
Victory
Defeat
🇺🇸 Magyars · United States
1131
+16
🇺🇸 Vietnamese · United States
1130
+16
🇦🇷 Mongols · Argentina
1148
-16
🇦🇷 Danes · Argentina
1130
-16
Reaper
6:25 Loom
9:19 Feudal Age
18:42 Wheelbarrow
18:20 Fletching
25:27 Castle Age
24:18 Gold Mining
24:21 Double-Bit Axe
25:31 Crossbowman
26:15 Bodkin Arrow
27:57 Ballistics
30:09 Hand Cart
Bodi MIller
7:36 Loom
10:27 Feudal Age
12:49 Double-Bit Axe
17:13 Horse Collar
25:08 Castle Age
23:45 Wheelbarrow
23:19 Scale Barding Armor
27:34 Chain Barding Armor
28:25 Bow Saw
tomi93339
6:47 Loom
9:33 Feudal Age
12:04 Town Watch
16:18 Castle Age
15:33 Horse Collar
17:18 Heavy Plow
23:07 Squires
22:27 Pikeman
27:08 Fletching
27:19 Padded Archer Armor
27:22 Scale Mail Armor
Drakath6696
5:19 Loom
8:22 Feudal Age
6:40 Loom
14:02 Double-Bit Axe
14:02 Horse Collar
22:17 Castle Age
20:43 Gold Mining
22:39 Wheelbarrow
21:50 Town Watch
21:58 Fletching
25:21 Bodkin Arrow
26:20 Husbandry
27:21 Elite Skirmisher
28:45 Padded Archer Armor
29:39 Bloodlines
29:40 Forging
Connection lost

Rejoining the realm…

Still unreachable

The connection could not be restored.

Session expired

The server has moved on; the page needs a fresh start.